 Dungeon Crawl Stone Soup version 0.22-a0-455-ga0624bf (webtiles) character file.

4956 wazuzu the Severer (level 10, -9/86 HPs)
             Began as a Hill Orc Monk on June 5, 2018.
             Was a Priest of Wu Jian.
             Mangled by a seven-headed hydra (10 damage)
             ... on level 9 of the Dungeon.
             The game lasted 00:25:49 (8290 turns).

wazuzu the Severer (Hill Orc Monk)                  Turns: 8290, Time: 00:25:50

Health: -9/86      AC:  7    Str: 19    XL:     10   Next: 53%
Magic:  10/10      EV: 12    Int: 10    God:    Wu Jian [***...]
Gold:   169        SH:  0    Dex: 13    Spells: 9/9 levels left

rFire    + . .     SeeInvis .   y - +2 battleaxe
rCold    . . .     Gourm    .   (shield currently unavailable)
rNeg     . . .     Faith    .   j - +0 troll leather armour {Purgy}
rPois    .         Spirit   .   n - +1 helmet
rElec    .         Reflect  .   (no cloak)
rCorr    .         Harm     .   (no gloves)
MR       +....                  (no boots)
Stlth    ++........             (no amulet)
HPRegen  0.64/turn              h - +3 ring of strength
MPRegen  0.12/turn              a - ring of protection from fire

@: no status effects
A: magic resistance 1, weak 1
a: Wall Jump, Serpent's Lash, Renounce Religion


You were on level 9 of the Dungeon.
You worshipped Wu Jian.
Wu Jian was most pleased with you.
You were not hungry.

You visited 2 branches of the dungeon, and saw 10 of its levels.
You also visited: Sewer and Ossuary.

You collected 463 gold pieces.
You spent 294 gold pieces at shops.

Inventory:

Hand Weapons
 y - a +2 battleaxe (weapon)
 z - a +3 war axe of freezing
Missiles
 i - 237 stones (quivered)
 C - a throwing net
Armour
 j - a +0 troll leather armour (worn) {Purgy}
 n - a +1 helmet (worn)
Jewellery
 a - a ring of protection from fire (right hand)
 h - a +3 ring of strength (left hand)
Wands
 k - a wand of acid (2)
 p - a wand of disintegration (2)
 q - a wand of paralysis (6)
Scrolls
 g - 4 scrolls of teleportation
 v - a scroll of remove curse
 x - a scroll of magic mapping
 A - a scroll of fear
 E - a scroll of enchant armour
 F - a scroll of summoning
 G - a scroll of amnesia
Potions
 b - 5 potions of might
 d - 3 potions of heal wounds
 f - 2 potions of haste
 l - 2 potions of resistance
 m - 9 potions of curing
 o - a potion of mutation
 r - a potion of berserk rage {unknown}
 s - 3 potions of flight
 t - a potion of lignification
 u - 3 potions of magic
 B - a potion of ambrosia
 D - a potion of agility
 H - a potion of brilliance
Comestibles
 c - 12 rations
 w - 4 chunks of flesh


   Skills:
 + Level 7.2 Fighting
 + Level 16.3 Axes
 * Level 6.0 Armour
 - Level 2.4 Dodging
 - Level 1.5 Stealth


You had 9 spell levels left.
You didn't know any spells.
Your spell library contained the following spells:

 Spells                   Type           Power        Failure   Level  Hunger
 Summon Small Mammal      Summ           #...         41%         1    ##.....
 Summon Ice Beast         Ice/Summ       #.......     99%         4    #####..
 Call Imp                 Summ           #.......     54%         2    ###....
 Call Canine Familiar     Summ           #.......     78%         3    ####...
 Summon Lightning Spire   Summ/Air       #.......     99%         4    #####..
 Summon Guardian Golem    Hex/Summ       #.......     78%         3    ####...


Dungeon Overview and Level Annotations

Branches:
Dungeon (9/15)             Temple (1/1) D:6
   Lair: D:8-11         Orc: D:9-12

Altars:
Ashenzari
Dithmenos
Elyvilon
Fedhas
Gozag
Hepliaklqana
Kikubaaqudgha
Nemelex Xobeh
Okawaru
Qazlal
Ru
Sif Muna
Trog
Uskayaw
Vehumet
Wu Jian
Xom
Yredelemnul
Zin
The Shining One

Shops:
D:6 ?   D:8 !   D:9 *


Innate Abilities, Weirdness & Mutations

You are resistant to hostile enchantments. (MR+)
You are weak. (Str -2)


Message History

The three-headed hydra grows two more!
You hit the five-headed hydra.
The five-headed hydra is heavily wounded.
The five-headed hydra barely misses you.
The five-headed hydra misses you.
The five-headed hydra bites you but does no damage.
The five-headed hydra bites you. The five-headed hydra bites you!
* * * LOW HITPOINT WARNING * * *
You lop one of the five-headed hydra's heads off!
The four-headed hydra grows two more!
You slash the six-headed hydra!
The six-headed hydra is severely wounded.
You hack one of the six-headed hydra's heads off!
The five-headed hydra grows two more!
You slice the seven-headed hydra!!
The seven-headed hydra is severely wounded.
The seven-headed hydra bites you but does no damage.
The seven-headed hydra bites you.
* * * LOW HITPOINT WARNING * * *
The seven-headed hydra bites you!
* * * LOW HITPOINT WARNING * * *
The seven-headed hydra misses you. The seven-headed hydra bites you!
You die...

#)# #. #[# #.# ###### #)#
#.# #....########.## #.#
...............###.#
#.#######.......##.#
.#..≈≈≈..#.......#.#########
#..≈...≈..#......#(.))......
...≈._.≈...#....@Do.)######.
#..≈...≈..#......#####
.#..≈≈≈..#...(.>.#
..#######..)....##
...........).(..#
....###....)....## ....#
#..........# ....#
#..........# ...##
#..........#


You could see a seven-headed hydra and an orc.

Vanquished Creatures
  A troll (D:7)
  The ghost of pk666 the Conjurer, a novice DEFE (D:4)
  Grinder (D:4)
  A hippogriff (D:9)
  Sigmund (D:2)
  A wyvern (D:9)
  A hungry ghost (D:6)
  An ice beast (D:6)
  4 orc warriors
  A phantom (D:4)
  Purgy (Sewer)
  The ghost of Mgcat the Chopper, an amateur HOBe of Trog (D:3)
  3 ogres
  2 centaurs
  2 elf zombies (D:4)
  3 bullfrogs
  Blork the orc (D:4)
  An elf skeleton (D:4)
  2 scorpions
  5 wights (D:6)
  3 vampire bats (D:7)
  A crimson imp (D:7)
  3 centaur zombies
  A bullfrog zombie (Ossuary)
  2 bullfrog skeletons
  5 hounds
  12 mummies (Ossuary)
  6 orc wizards
  2 human skeletons (D:4)
  8 worker ants
  A killer bee zombie (Ossuary)
  2 hound zombies (Ossuary)
  3 worker ant zombies
  8 adders
  6 gnolls
  A howler monkey skeleton (D:9)
  2 shadow imps
  2 oozes
  3 adder zombies (Ossuary)
  An adder skeleton (D:7)
  A worm (D:5)
  2 dart slugs (D:1)
  3 leopard geckos
  32 orcs
  4 ball pythons
  16 bats
  3 bat skeletons (D:7)
  3 bat zombies (D:7)
  5 giant cockroaches
  10 goblins
  5 hobgoblins
  5 jackals
  4 quokkas
  8 frilled lizards
  2 jackal zombies (Ossuary)
  8 kobolds
  3 leopard gecko zombies
  5 orc skeletons (D:4)
  An orc zombie (D:4)
  25 rats
  A withered plant (Ossuary)
252 creatures vanquished.

Notes
Turn   | Place    | Note
-------+----------+-------------------------------------------
     0 | D:1      | wazuzu the Hill Orc Monk began the quest for the Orb.
     0 | D:1      | Reached XP level 1. HP: 19/19 MP: 1/1
   145 | D:1      | Reached XP level 2. HP: 25/26 MP: 2/2
   251 | D:1      | Reached skill level 5 in Axes
   858 | D:2      | Reached XP level 3. HP: 29/31 MP: 3/3
  1018 | D:2      | Reached skill level 1 in Armour
  1095 | D:2      | Reached XP level 4. HP: 30/39 MP: 4/4
  1126 | D:2      | Noticed Sigmund
  1128 | D:2      | Gained mutation: You are weak. (Str -2) [potion of mutation]
  1128 | D:2      | Gained mutation: You are resistant to hostile enchantments. (MR+) [potion of mutation]
  1152 | D:2      | Killed Sigmund
  1152 | D:2      | Reached skill level 6 in Axes
  1152 | D:2      | Reached XP level 5. HP: 23/45 MP: 5/5
  1487 | D:3      | Reached XP level 6. HP: 50/51 MP: 6/6
  1658 | D:3      | Noticed Mgcat's ghost (amateur HOBe)
  1676 | D:3      | Reached skill level 7 in Axes
  1691 | D:3      | Killed Mgcat's ghost
  1692 | D:3      | Reached skill level 8 in Axes
  2414 | D:4      | Noticed Grinder
  2419 | D:4      | Killed Grinder
  2419 | D:4      | Reached skill level 5 in Fighting
  2419 | D:4      | Reached XP level 7. HP: 61/61 MP: 7/7
  2420 | D:4      | Noticed Blork the orc
  2445 | D:4      | Killed Blork the orc
  2485 | D:4      | Found a glowing drain.
  2496 | Sewer    | Entered a sewer
  2553 | Sewer    | Noticed Purgy
  2562 | Sewer    | Killed Purgy
  2562 | Sewer    | Reached skill level 9 in Axes
  2790 | D:4      | Reached XP level 8. HP: 52/71 MP: 8/8
  2806 | D:4      | Found a sand-covered staircase.
  2822 | D:4      | Reached skill level 10 in Axes
  2827 | Ossuary  | Entered an ossuary
  3022 | Ossuary  | Reached skill level 11 in Axes
  3437 | D:4      | Reached skill level 12 in Axes
  3465 | D:4      | Noticed pk666's ghost (novice DEFE)
  3475 | D:4      | Killed pk666's ghost
  3475 | D:4      | Reached XP level 9. HP: 77/77 MP: 9/9
  3725 | D:5      | Entered Level 5 of the Dungeon
  3873 | D:5      | Reached skill level 13 in Axes
  4971 | D:6      | Found Viututh's Magic Scroll Emporium.
  5249 | D:6      | Found a stormy altar of Qazlal.
  5557 | D:6      | Reached skill level 14 in Axes
  5702 | D:6      | Found a shadowy altar of Dithmenos.
  6088 | D:6      | Reached skill level 15 in Axes
  6165 | D:6      | Found a staircase to the Ecumenical Temple.
  6172 | Temple   | Entered the Ecumenical Temple
  6246 | Temple   | Became a worshipper of the Wu Jian Council
  6246 | Temple   | Reached * piety under Wu Jian
  6246 | Temple   | Reached ** piety under Wu Jian
  6673 | D:7      | Reached XP level 10. HP: 84/84 MP: 10/10
  6699 | D:7      | Found an ancient bone altar of Kikubaaqudgha.
  6747 | D:7      | Reached skill level 16 in Axes
  6875 | D:7      | Found a hide-covered altar of Uskayaw.
  7202 | D:7      | Found a sparkling altar of Nemelex Xobeh.
  7355 | D:8      | Found Syilio's Distillery.
  7415 | D:8      | Bought a potion of curing for 45 gold pieces
  7415 | D:8      | Bought a potion of agility for 60 gold pieces
  8035 | D:9      | Reached skill level 5 in Armour
  8059 | D:9      | Reached *** piety under Wu Jian
  8160 | D:9      | Found a sacrificial altar of Ru.
  8220 | D:9      | Found Jaetih's Assorted Antiques.
  8229 | D:9      | Bought a scroll labeled JOPEUF EWNAON for 24 gold pieces
  8229 | D:9      | Bought a scroll labeled DITOINT REUH for 24 gold pieces
  8229 | D:9      | Bought an inky potion for 21 gold pieces
  8232 | D:9      | Bought a tubular coral ring for 120 gold pieces
  8274 | D:9      | Noticed a four-headed hydra
  8290 | D:9      | HP: 1/86 [seven-headed hydra (12)]
  8290 | D:9      | Mangled by a seven-headed hydra

Vault maps used:
D:1:      dpeg_arrival_round_c
D:2:      uniq_sigmund
D:3:      first_ration, minmay_rat_hole, uniq_crazy_yiuf_cottage
D:4:      cheibrodos_sewer_entry_sluice, nicolae_ossuary_entry_catacombs,
          uniq_blork_the_orc, uniq_grinder
D:5:      feat_on_display
D:6:      nicolae_dithmenos_through_a_glass_darkly, kennysheep_mini_moat,
          minmay_temple_entry_nine_rooms, serial_curves, eino_curves_01,
          eino_curves_04, serial_shops, shop
D:7:      kennysheep_mini, kennysheep_vampire_church, roderic_batcave,
          nemelex_dance_club_becter
D:8:      serial_shops, nicolae_shop_waterfront
D:9:      marbit_many_paths, nicolae_ru_awakened_eye, serial_shops, shop
Temple:   nicolae_temple_elliptical
Sewer:    sewer_co_purgy_island
Ossuary:  ossuary_zaba_flooded

Skill      XL: |  1  2  3  4  5  6  7  8  9 10 |
---------------+-------------------------------+-----
Axes           | 5 6 8 9 12 15 16 | 16.3
Armour         | 1 4 6 |  6.0
Fighting       | 5 6 7 |  7.2
Dodging        | |  2.4
Stealth        | |  1.5

Action                   |  1- 3 |  4- 6 |  7- 9 | 10-12 || total
-------------------------+-------+-------+-------+-------++-------
Melee: Hand axe          |   112 |   121 |   479 |       ||   712
       War axe           |       |       |    53 |    85 ||   138
       Battleaxe         |       |       |       |    58 ||    58
Invok: Whirlwind         |       |       |     5 |    23 ||    28
       Lunge             |       |       |     5 |    18 ||    23
       Wall Jump         |       |       |     3 |     7 ||    10
Evoke: Wand              |       |     4 |     7 |     6 ||    17
  Use: Potion            |       |     7 |     3 |       ||    10
       Scroll            |       |     1 |    15 |     8 ||    24
 Stab: Sleeping          |       |     1 |     1 |     5 ||     7
  Eat: Chunk             |     1 |     4 |    10 |     5 ||    20
       Ration            |       |       |     2 |       ||     2
Armor: Ring mail         |    36 |    35 |    33 |       ||   104
       Troll leather arm |       |       |   112 |    35 ||   147
Dodge: Dodged            |    70 |    57 |   272 |    73 ||   472

Table legend:
 A = Spawn XP
 B = Non-spawn XP
 C = Spawn XP percentage of total XP
 D = Spawn monster count
 E = Non-spawn monster count
 F = Spawn count percentage of total count
 G = Total turns spent on level
                    A         B        C        D         E        F      G
               +---------+---------+-------+---------+---------+-------+---------
         Total |       0 |    7081 |   0.0 |       0 |     251 |   0.0 |  8290
               +---------+---------+-------+---------+---------+-------+---------
           D:1 |       0 |      32 |   0.0 |       0 |      16 |   0.0 |   853
           D:2 |       0 |     281 |   0.0 |       0 |      18 |   0.0 |   608
           D:3 |       0 |     249 |   0.0 |       0 |      45 |   0.0 |   950
           D:4 |       0 |    1297 |   0.0 |       0 |      31 |   0.0 |   675
           D:5 |       0 |     346 |   0.0 |       0 |      17 |   0.0 |  1289
           D:6 |       0 |    1279 |   0.0 |       0 |      27 |   0.0 |  1357
           D:7 |       0 |    1377 |   0.0 |       0 |      34 |   0.0 |   867
           D:8 |       0 |     154 |   0.0 |       0 |       8 |   0.0 |   673
           D:9 |       0 |    1350 |   0.0 |       0 |      19 |   0.0 |   284
         Sewer |       0 |     161 |   0.0 |       0 |       9 |   0.0 |   203
       Ossuary |       0 |     555 |   0.0 |       0 |      27 |   0.0 |   436
               +---------+---------+-------+---------+---------+-------+---------
